 Dungeon Crawl Stone Soup version 0.20.0 (webtiles) character file.

107 BarneyGumball the Grave Robber (level 4, -2/24 HPs)
             Began as a Gargoyle Necromancer on June 1, 2017.
             Was an Initiate of Okawaru.
             Slain by an iguana (10 damage)
             ... on level 4 of the Dungeon.
             The game lasted 00:12:56 (3853 turns).

BarneyGumball the Grave Robber (GrNe)               Turns: 3853, Time: 00:12:57

Health: -2/24      AC:  6    Str: 13    XL:     4   Next: 85%
Magic:  7/7        EV: 11    Int: 15    God:    Okawaru [......]
Gold:   158        SH:  0    Dex: 10    Spells: 6/7 levels left

rFire    . . .     SeeInvis .   n - +0 war axe
rCold    . . .     Gourm    .   (no shield)
rNeg     + . .     Faith    .   c - +0 leather armour
rPois    ∞         Spirit   .   (no helmet)
rElec    +         Reflect  .   (no cloak)
rCorr    .         Harm     .   (no gloves)
MR       .....                  (no boots)
Stlth    ++........             (no amulet)
Regen    0.1/turn               (no ring)
MPRegen  0.1/turn               (no ring)

@: no status effects
A: negative energy resistance 1, electricity resistance, unbreathing,
petrification resistance, rot immunity, AC +3
a: Renounce Religion


You were on level 4 of the Dungeon.
You worshipped Okawaru.
Okawaru was noncommittal.
You were hungry.

You visited 1 branch of the dungeon, and saw 4 of its levels.

You collected 158 gold pieces.

Inventory:

Hand Weapons
 f - a +0 hand axe
 n - a +0 war axe (weapon)
Missiles
 i - a throwing net (quivered)
Armour
 a - a +0 robe
 c - a +0 leather armour (worn)
 h - a +1 chain mail of poison resistance
Wands
 l - a wand of iceblast (8/15)
Scrolls
 d - a scroll of amnesia {unknown}
 e - a scroll of fog {unknown}
 j - a scroll of remove curse
 k - 2 scrolls of recharging {unknown}
 o - a scroll of magic mapping {unknown}
 p - a scroll of random uselessness {unknown}
Potions
 q - a potion of lignification {unknown}
Books
 b - a book of Necromancy

   Spells                             Type                      Level
   a - Pain                           Necromancy                   1
   b - Animate Skeleton               Necromancy                   1
   c - Vampiric Draining              Necromancy                   3
   d - Regeneration                   Charms/Necromancy            3
   e - Animate Dead                   Necromancy                   4
   f - Control Undead                 Necromancy                   4
Comestibles
 g - 3 meat rations
 m - 2 royal jellies


   Skills:
 * Level 2.6 Axes
 + Level 2.1 Armour
 - Level 1.8 Dodging
 - Level 3.0 Stealth
 - Level 2.0 Spellcasting
 - Level 3.2 Necromancy


You had 6 spell levels left.
You knew the following spells:

 Your Spells              Type           Power        Failure   Level  Hunger
a - Pain                  Necr           ##..         8%          1    #......


Dungeon Overview and Level Annotations

Branches:
Dungeon (4/15)
 Temple: D:4-7

Altars:
Elyvilon
Okawaru
Yredelemnul

Annotations:
D:3 Grinder


Innate Abilities, Weirdness & Mutations

You are resistant to torment.
Your stone body is resilient. (AC +3)
You are immune to poison.
You resist negative energy. (rN+)
You are resistant to electric shocks. (rElec)
You can survive without breathing.
You are immune to petrification.
You are immune to rotting.


Message History

You hit the iguana.
The iguana is moderately wounded.
The iguana bites you.
You barely miss the iguana.
The iguana is moderately wounded.
The iguana misses you.
The iguana bites you but does no damage.
You hit the iguana but do no damage.
The iguana is moderately wounded.
The iguana bites you but does no damage.
You completely miss the iguana.
The iguana is moderately wounded.
The iguana bites you. The iguana bites you!
You hit the iguana but do no damage.
The iguana is moderately wounded.
The iguana bites you.
You slash the iguana!
The iguana is severely wounded.
The iguana bites you!
You die...

#..# #...............
##.## #...............
#..# #...............
##.###...............
#..###..............
##.####.............
#..# ##............ ##l#
#...[........ # #@##
#............
....#..###............
.......................
...............).......
...............÷.......
................###.....
...............# ####..
.......^.......# ..
............#### ..


You could see an iguana.

Vanquished Creatures
  A hound (D:3)
  3 adders
  A worm (D:2)
  3 leopard geckos
  An orc (D:4)
  A ball python (D:1)
  7 bats
  A giant cockroach (D:3)
  3 goblins
  A hobgoblin (D:2)
  6 jackals
  3 kobolds
  A quokka (D:3)
  5 frilled lizards
  2 leopard gecko skeletons (D:4)
  5 rats
44 creatures vanquished.

Notes
Turn   | Place    | Note
-------+----------+-------------------------------------------
     0 | D:1      | BarneyGumball the Gargoyle Necromancer began the quest for the Orb.
     0 | D:1      | Reached XP level 1. HP: 10/10 MP: 3/3
   446 | D:1      | Reached XP level 2. HP: 8/15 MP: 5/5
  1389 | D:1      | Reached skill level 1 in Axes
  1650 | D:2      | Reached XP level 3. HP: 12/19 MP: 6/6
  2291 | D:2      | Reached skill level 1 in Armour
  2459 | D:2      | Found a basalt altar of Yredelemnul.
  2459 | D:2      | Found a white marble altar of Elyvilon.
  2460 | D:2      | Found an iron altar of Okawaru.
  2467 | D:2      | Became a worshipper of Warmaster Okawaru
  2770 | D:2      | Reached XP level 4. HP: 24/24 MP: 7/7
  3370 | D:3      | Noticed Grinder
  3853 | D:4      | Slain by an iguana

Skill      XL: |  1  2  3  4 |
---------------+-------------+-----
Stealth        | 3 |  3.0
Axes           | 1 2 |  2.6
Armour         | 1 2 |  2.1
Dodging        | |  1.8
Spellcasting   | |  2.0
Necromancy     | |  3.2

Action                   |  1- 3 |  4- 6 || total
-------------------------+-------+-------++-------
Melee: Club              |    30 |       ||    30
       Hand axe          |    67 |       ||    67
       War axe           |   113 |   132 ||   245
 Cast: Pain              |     5 |       ||     5
  Use: Potion            |     3 |     1 ||     4
       Scroll            |       |     2 ||     2
 Stab: Sleeping          |     1 |       ||     1
  Eat: Bread ration      |     1 |       ||     1
       Chunk             |     2 |     3 ||     5
Armor: Robe              |    24 |       ||    24
       Chain mail        |   178 |   140 ||   318
       Leather armour    |       |     3 ||     3
Dodge: Dodged            |   121 |    56 ||   177
